[Event "WSTCC-50 2024"]
[Site "Krakow"]
[Date "2024.07.07"]
[Round "6.23"]
[White "Morgan, Jamie"]
[Black "De Winter, Kevin"]
[Result "0-1"]
[ECO "B01"]
[WhiteElo "1843"]
[BlackElo "1803"]
[Annotator "NA RC"]
[PlyCount "126"]
[EventDate "2024.07.01"]
[EventType "team-tourn"]
[EventCountry "POL"]
[SourceTitle "playchess.com"]
[Source "ChessBase"]
[SourceQuality "1"]
[TimeControl "40/5400+30:1800+30"]

1. e4 d5 2. exd5 Nf6 3. Bb5+ Bd7 4. Be2 Bf5 5. Nf3 Nxd5 6. d4 e6 7. O-O Be7 8. a3 O-O 9. c4 Nb6 10. Nc3 Nc6 11. Bf4 Bf6 12. Be5 Nxe5 13. dxe5 Be7 14. Nd4 Bg6 15. Rc1 a6 16. Kh1 c5 17. Nb3 Qc7 18. f4 Rad8 19. Qe1 Bd3 20. Nd2 Rd7 21. Rf3 Bxe2 22. Qxe2 Rd4 23. Nce4 Rfd8 24. Rh3 g6 25. Nb3 R4d7 26. Kg1 Rd4 27. Nxd4 cxd4 28. Qg4 Nd5 29. Nf6+ Bxf6 30. exf6 Qxf4 31. Qd1 Ne3 32. Rf3 Nxd1 33. Rxf4 Nxb2 34. Rf2 Nd3 35. Rff1 Nxc1 36. Rxc1 Kf8 37. Kf2 e5 38. Kf3 Re8 39. Ke4 Re6 40. Rf1 Ke8 41. g4 Kd7 42. g5 Kd6 43. Rb1 Kc6 44. a4 Kc7 45. Rb3 Re8 46. c5 Rd8 47. Rd3 Kc6 48. Kf3 Kxc5 49. Ke4 Kc4 50. a5 Rd7 51. Rd1 Kb5 52. Kd3 Kxa5 53. Re1 Rd5 54. Re4 b5 55. Rh4 Rd7 56. Re4 Rd5 57. Rh4 b4 58. Rxh7 Rd7 59. Rh8 b3 60. Rb8 Ka4 61. Re8 Rc7 62. Rxe5 b2 63. Re1 Rc1 0-1

[Event "WSTCC-50 2024"]
[Site "Krakow"]
[Date "2024.07.07"]
[Round "6.24"]
[White "Jezierska, Ivona"]
[Black "Zielinski, Olgierd"]
[Result "1-0"]
[ECO "B22"]
[WhiteElo "2079"]
[BlackElo "1913"]
[Annotator "RC"]
[PlyCount "115"]
[EventDate "2024.07.01"]
[EventType "team-tourn"]
[EventCountry "POL"]
[SourceTitle "playchess.com"]
[Source "ChessBase"]
[SourceQuality "1"]
[TimeControl "40/5400+30:1800+30"]

1. e4 c5 2. c3 d5 3. exd5 Qxd5 4. d4 Nc6 5. Nf3 Bf5 6. Be3 cxd4 7. Nxd4 Nxd4 8. cxd4 Nf6 9. Nc3 Qa5 10. Bc4 e6 11. Bb5+ Kd8 12. O-O Nd5 13. Qb3 Qb4 14. Nxd5 Qxb3 15. axb3 exd5 16. Bd2 Bd6 17. Ba5+ Ke7 18. Rfe1+ Kf6 19. Bd2 a6 20. Be2 Rhc8 21. g4 Be4 22. f3 Bc2 23. Rac1 g5 24. b4 Rc7 25. Bc3 Bg6 26. Ra1 Re8 27. Ra5 Rce7 28. Rxd5 Bxh2+ 29. Kxh2 Rxe2+ 30. Rxe2 Rxe2+ 31. Kg1 Ke6 32. Rxg5 b6 33. d5+ Kd6 34. Bg7 Re8 35. Kf2 Kd7 36. f4 Be4 37. Bd4 f5 38. Bxb6 Kd6 39. gxf5 Kxd5 40. f6+ Ke6 41. Bd4 Bg6 42. Kf3 Bd3 43. Rg7 Rf8 44. Kg4 Rf7 45. Rg8 Kd7 46. Kg5 Bc4 47. Ra8 Bb5 48. Bc5 Be2 49. Be7 Bf1 50. Rd8+ Kc7 51. Kf5 Bc4 52. Rd4 Bb3 53. Ke5 Kb7 54. Rd3 Ba2 55. b3 Bb1 56. Rc3 h5 57. Ke6 Bg6 58. f5 1-0

[Event "WSTCC-50 2024"]
[Site "Krakow"]
[Date "2024.07.07"]
[Round "6.24"]
[White "Proudfoot, Andy"]
[Black "Goman, Colin"]
[Result "1-0"]
[ECO "B07"]
[WhiteElo "1607"]
[BlackElo "1759"]
[Annotator "NA RC"]
[PlyCount "29"]
[EventDate "2024.07.01"]
[EventType "team-tourn"]
[EventCountry "POL"]
[SourceTitle "playchess.com"]
[Source "ChessBase"]
[SourceQuality "1"]
[TimeControl "40/5400+30:1800+30"]

1. e4 d6 2. d4 Nf6 3. Nc3 Nbd7 4. Bc4 e6 5. Nf3 b6 6. Qe2 Bb7 7. d5 e5 8. a3 a6 9. Bd2 Be7 10. h3 b5 11. Ba2 h6 12. Nh2 Nh5 13. Qxh5 g6 14. Qe2 O-O 15. Bxh6 1-0

[Event "WSTCC-50 2024"]
[Site "Krakow"]
[Date "2024.07.09"]
[Round "7.1"]
[White "Hjartarson, Johann"]
[Black "Ehlvest, Jaan"]
[Result "1/2-1/2"]
[ECO "D63"]
[WhiteElo "2472"]
[BlackElo "2528"]
[Annotator "TA"]
[PlyCount "42"]
[EventDate "2024.07.01"]
[EventType "team-tourn"]
[EventCountry "POL"]
[SourceTitle "playchess.com"]
[Source "ChessBase"]
[SourceQuality "1"]
[TimeControl "40/5400+30:1800+30"]

1. d4 Nf6 2. c4 e6 3. Nf3 d5 4. Nc3 Be7 5. Bg5 O-O 6. e3 Nbd7 7. Rc1 h6 8. Bh4 dxc4 9. Bxc4 c5 10. O-O a6 11. a4 cxd4 12. exd4 Nb6 13. Bd3 Bd7 14. Ne5 Bc6 {[%emt 0:00:38] The position is equal.} 15. Nxc6 bxc6 16. Bb1 Nbd5 17. Qd3 {[%emt 0:02:41] [#] Strongly threatening Nxd5.} Nb4 {[%emt 0:06:29] A dynamic duo of knights.} 18. Qc4 a5 19. Rcd1 Nh5 20. Bg3 (20. Bxe7 $11 {remains equal.} Qxe7 21. Rd2) 20... Nxg3 $17 21. hxg3 Bf6 {[%emt 0:02:20] Weighted Error Value: White=0.22 (precise) /Black=0.03 (flawless) .  Mistake:       	White=1     	Black=1      Inaccurate:     	White=1     	---        OK:         	White=1     	Black=5      Best:        	---       	Black=1} (21... Qb6 $17) 1/2-1/2

[Event "WSTCC-50 2024"]
[Site "Krakow"]
[Date "2024.07.09"]
[Round "7.1"]
[White "Lalic, Susan K"]
[Black "Buckley, Graeme N"]
[Result "1/2-1/2"]
[ECO "E73"]
[WhiteElo "2235"]
[BlackElo "2334"]
[Annotator "RC"]
[PlyCount "24"]
[EventDate "2024.07.01"]
[EventType "team-tourn"]
[EventCountry "POL"]
[SourceTitle "playchess.com"]
[Source "ChessBase"]
[SourceQuality "1"]
[TimeControl "40/5400+30:1800+30"]

1. d4 Nf6 2. c4 g6 3. Nc3 Bg7 4. e4 d6 5. Be2 O-O 6. Be3 e5 7. dxe5 dxe5 8. Nf3 Qe7 9. Nd5 Nxd5 10. cxd5 c6 11. O-O cxd5 12. Qxd5 Be6 1/2-1/2

[Event "WSTCC-50 2024"]
[Site "Krakow"]
[Date "2024.07.09"]
[Round "7.1"]
[White "Crocker, Philip J"]
[Black "Horvath, Julia"]
[Result "1/2-1/2"]
[ECO "A20"]
[WhiteElo "2122"]
[BlackElo "2116"]
[Annotator "RC"]
[PlyCount "95"]
[EventDate "2024.07.01"]
[EventType "team-tourn"]
[EventCountry "POL"]
[SourceTitle "playchess.com"]
[Source "ChessBase"]
[SourceQuality "1"]
[TimeControl "40/5400+30:1800+30"]

1. c4 e5 2. g3 d6 3. Nc3 f5 4. d4 Be7 5. Bh3 Nf6 6. Nf3 e4 7. Nh4 g6 8. Bh6 c6 9. O-O Ng4 10. Bxg4 Bxh4 11. Bh3 Bg5 12. Bxg5 Qxg5 13. Nxe4 Qe7 14. Nc3 O-O 15. e3 Nd7 16. b4 Nf6 17. a4 Be6 18. c5 a5 19. cxd6 Qxd6 20. bxa5 Rxa5 21. Rb1 Ra7 22. Qc2 Rd8 23. Rfd1 Rd7 24. Bg2 Qe7 25. Qb2 g5 26. Qb4 Qf7 27. e4 f4 28. Qc5 Ra8 29. Qxg5+ Kh8 30. Qxf4 Qg7 31. d5 cxd5 32. exd5 Bg4 33. Bf3 Bh3 34. Qh4 Bf5 35. Rb4 Rf7 36. d6 Raf8 37. Re1 Ng4 38. Nd1 Ne5 39. Bh5 Bg6 40. Rxe5 Qxe5 41. Bxg6 Qe1+ 42. Kg2 Rxf2+ 43. Nxf2 Qxf2+ 44. Kh3 Qf1+ 45. Kg4 Qe2+ 46. Kh3 Qf1+ 47. Kg4 Qe2+ 48. Kh3 1/2-1/2

[Event "WSTCC-50 2024"]
[Site "Krakow"]
[Date "2024.07.09"]
[Round "7.2"]
[White "Shabalov, Alexander"]
[Black "Petursson, Margeir"]
[Result "1-0"]
[ECO "B95"]
[WhiteElo "2467"]
[BlackElo "2397"]
[Annotator "TA"]
[PlyCount "89"]
[EventDate "2024.07.01"]
[EventType "team-tourn"]
[EventCountry "POL"]
[SourceTitle "playchess.com"]
[Source "ChessBase"]
[SourceQuality "1"]
[TimeControl "40/5400+30:1800+30"]

1. e4 c5 2. Nf3 d6 3. d4 cxd4 4. Nxd4 Nf6 5. Nc3 a6 6. Bg5 e6 7. Qe2 h6 8. Bd2 Nc6 9. Nxc6 bxc6 {[%emt 0:00:03] The position is equal.} 10. e5 Nd5 11. exd6 Bxd6 12. Ne4 Be7 (12... Be5 $5) 13. c4 Rb8 14. cxd5 {[%emt 0:10:02] Black is on the road to losing.} cxd5 15. Nc3 Rxb2 16. Nd1 Rb4 17. Qd3 Bd7 18. Be2 (18. Qxa6 Ra4 19. Qb7 O-O $14) 18... Bb5 19. Qc2 Re4 (19... Ba4 $16 20. Qc1 Rb8) 20. Nc3 $18 Bxe2 21. Nxe4 (21. Nxe2 $6 Qd6 $16) 21... Bc4 22. Ng3 O-O 23. Nf1 {[%emt 0:05:39] And now Ne3 would win.} a5 {[%emt 0:01:09] [#]} (23... Qd6 $142 24. Ne3 Qe5) 24. Ne3 $1 Ba6 25. Qc6 Bd3 26. Rc1 d4 (26... Bf6 {was called for.} 27. Qc7 Qa8) 27. Nc4 Qb8 28. Qf3 (28. Bxa5 $2 Rc8 29. Qb6 Qf4 $19 (29... Bxc4 30. Qxb8 Rxb8 31. Rxc4 $15)) 28... Bxc4 29. Rxc4 Qb1+ 30. Rc1 Qxa2 31. Qd3 a4 32. O-O (32. Qxd4 Rd8 33. Qe3 Bg5 $14) 32... a3 33. Rc7 (33. Qxd4 Rd8 34. Qa7 Bf8 $18) 33... Bd6 34. Rd7 Bc5 35. Rc1 Bb6 (35... Qb2 $142) 36. Rd6 Bd8 37. Ra6 Be7 {[%emt 0:02:36] Dodges Bb4} 38. Ra7 ({Worse is} 38. Qxd4 Rd8 39. Qf4 g5 $15 (39... Rxd2 40. h3 $11) (39... Qxd2 40. Qxd2 Rxd2 41. Kf1 $11)) 38... Bd6 39. Qxd4 Rd8 40. g3 {[%emt 0:01:38] [#] Threatens to win with Bc3.} Be7 41. Rd7 Rxd7 42. Qxd7 {[%emt 0:00:07] aiming for Qe8+.} Bf6 43. Qc8+ (43. Rc8+ $142 Kh7 44. Qd3+ g6 45. Qd7 Be7 46. Qxe7 Qa1+ 47. Kg2 g5 48. Bc3 (48. Qxf7+ Qg7 49. Qxe6 Qb7+ 50. f3 Qxc8 51. Qxc8 Kg7 52. Qf5 h5 53. Bc3+ Kg8 54. Qg6+ Kf8 55. Bb4#)) 43... Kh7 44. Qc2+ Qxc2 45. Rxc2 {[%emt 0:00:01] Weighted Error Value: White=0.22 (precise) /Black=0.39.  Mistake:       	---       	Black=4      Inaccurate:     	White=1     	Black=2      OK:         	White=19    	Black=15     Best:        	White=5     	---        Strong:       	White=1     	---} 1-0

[Event "WSTCC-50 2024"]
[Site "Krakow"]
[Date "2024.07.09"]
[Round "7.2"]
[White "Dishman, Stephen"]
[Black "Lauterbach, Ingrid"]
[Result "1-0"]
[ECO "A39"]
[WhiteElo "2308"]
[BlackElo "2023"]
[Annotator "TA"]
[PlyCount "113"]
[EventDate "2024.07.01"]
[EventType "team-tourn"]
[EventCountry "POL"]
[SourceTitle "playchess.com"]
[Source "ChessBase"]
[SourceQuality "1"]
[TimeControl "40/5400+30:1800+30"]

1. Nf3 c5 2. c4 Nf6 3. g3 Nc6 4. Bg2 g6 5. O-O Bg7 6. Nc3 O-O 7. d4 cxd4 8. Nxd4 Nxd4 9. Qxd4 d6 10. Qd3 Ng4 11. b3 Bf5 12. e4 Ne5 13. Qd2 Bg4 14. f3 Bd7 15. Bb2 a5 16. Rad1 a4 17. f4 Ng4 18. c5 (18. Nd5 Bxb2 19. Qxb2 $17) 18... axb3 19. axb3 Be6 20. h3 (20. cxd6 exd6 21. Rde1 Qb6+ (21... Bxb3 22. h3 $15) 22. Kh1 Bxb3 $15 (22... Qxb3 23. Rf3 $15)) 20... Bxb3 (20... Nf6 $14) 21. hxg4 $16 Bxd1 22. Rxd1 dxc5 23. e5 (23. Nd5 $16) 23... Qxd2 $14 24. Rxd2 Rfd8 25. Re2 (25. Rxd8+ Rxd8 26. Bf1 (26. Bxb7 $2 Rb8 $19) 26... Rd2 $11) 25... Rab8 26. Nd5 e6 27. Nb6 Rd3 28. Kf2 Bf8 29. Be4 Rb3 30. Nc4 b6 31. Rd2 Rb4 32. Nd6 $1 Be7 (32... Bxd6 33. exd6 Rxe4 34. d7 $18) 33. Bc6 Kf8 34. f5 Bg5 35. Re2 Rxg4 36. f6 Rb4 37. Ne4 Bh6 (37... h6 $11 {remains equal.}) 38. Bc3 $16 Rb3 39. Ra2 (39. Bd2 $1 $16 g5 (39... Bxd2 $2 40. Rxd2 Kg8 41. Rd7 $18) 40. Nd6 (40. Nxg5 Bxg5 41. Bxg5 h5 $16)) 39... Kg8 $1 $14 40. Ra7 (40. Ba4 $5 Rb1 $8 41. Re2 $14) 40... c4 {[%emt 0:02:37] [#]} 41. Nd6 (41. Rc7 $1 $11) 41... Rxc3 $17 42. Nxf7 Be3+ $1 43. Ke2 b5 (43... Rf8 $1 $17 44. Nd6 Bc5 45. Rg7+ Kh8 46. Nf7+ Rxf7 47. Rxf7 Re3+ (47... Rxg3 $2 48. Kd1 $19) 48. Kd2 Rxe5) 44. Rc7 $2 {[%emt 0:00:34] [#]} (44. Re7 $11 {and White stays safe.}) 44... b4 $2 ({Black should try} 44... Rf8 $1 $19 45. Nd6 Bd4 46. Rg7+ Kh8 47. Bxb5 Bxe5 (47... Rxg3 48. Bxc4 Re3+ 49. Kd2 $17) (47... Re3+ 48. Kd1 $17) 48. Nf7+ Rxf7 49. Rxf7 Kg8 (49... Rxg3 50. Rf8#) 50. Rg7+ Kf8 51. Rxh7 Bxf6) 45. Nd6 (45. Re7 $1 $11) 45... Bb6 (45... Bh6 $17 46. Kf2 Bf8) 46. Rg7+ $11 Kf8 47. Rxh7 Re3+ $2 ({And not} 47... Rxg3 48. Rh8#) (47... Rc2+ 48. Kd1 Kg8 49. Rg7+ (49. Kxc2 $2 b3+ 50. Kd1 Kxh7 $19) 49... Kf8 50. Bd7 (50. Kxc2 b3+ 51. Kd2 b2 $18) 50... Ra8 51. Bxe6 (51. Kxc2 b3+ 52. Kc3 Ba5+ 53. Kb2 Bb6 54. Bxe6 Bd4+ 55. Kc1 Ra1+ 56. Kd2 Ra2+ 57. Kd1 Ra1+ 58. Ke2 Ra2+ 59. Kf3 Rf2+ 60. Kg4 Rxf6 61. Rg8+ Ke7 62. Re8#) (51. Kxc2 Ra7 $18)) (47... Kg8 $11 48. Rg7+ Kf8) 48. Kf1 Kg8 49. Rg7+ Kf8 {[%emt 0:00:16] [#]} 50. Nf7 $1 Rd8 51. Nh6 ({Stronger than} 51. Nxd8 Bxd8 52. Rh7 Rxe5 53. Rh8+ Kf7 54. Rxd8 Rc5 $15 (54... Kxf6 55. Rb8 $11)) 51... Rd1+ 52. Kg2 Re2+ 53. Kh3 Rh1+ 54. Bxh1 Ke8 55. f7+ Ke7 56. Rg8 Rf2 57. Bc6 1-0

[Event "WSTCC-50 2024"]
[Site "Krakow"]
[Date "2024.07.09"]
[Round "7.2"]
[White "Forgo, Eva"]
[Black "Burrows, Martin P"]
[Result "0-1"]
[ECO "B93"]
[WhiteElo "2060"]
[BlackElo "2019"]
[Annotator "NA RC"]
[PlyCount "92"]
[EventDate "2024.07.01"]
[EventType "team-tourn"]
[EventCountry "POL"]
[SourceTitle "playchess.com"]
[Source "ChessBase"]
[SourceQuality "1"]
[TimeControl "40/5400+30:1800+30"]

1. e4 c5 2. Nf3 d6 3. d4 cxd4 4. Nxd4 Nf6 5. Nc3 a6 6. f4 e5 7. Nf3 Qc7 8. Bd3 Be7 9. O-O O-O {[%emt 0:00:16] 9...Nbd7 is not played anymore.} 10. a4 Nbd7 11. Kh1 Nc5 {[%emt 0:00:46] B93: Sicilian Najdorf: 6 f4.} 12. Qe1 Re8 13. fxe5 dxe5 14. Qg3 Be6 15. Ng5 Nxd3 16. Nxe6 fxe6 17. Qxd3 Rf8 18. Be3 Nh5 $146 ({Predecessor:} 18... Rac8 19. Bg5 Qc4 20. Rad1 Bb4 21. Bxf6 Qxd3 22. Rxd3 Rxf6 23. Rff3 Rc7 24. Kg1 Kf7 25. Na2 Be7 {½-½ Karasev,V (2353)-Novikov,M (2402) St Petersburg-ch 1999 (4)}) 19. Ne2 Rac8 20. Rxf8+ $11 Rxf8 21. Ng1 Nf4 22. Bxf4 exf4 23. Nf3 Rd8 24. Qe2 Qd7 25. h3 Bc5 26. Qc4 Be3 27. Qe2 h6 28. b3 Qc6 29. e5 Qd5 30. Re1 Rd7 31. Rf1 Kf8 32. Re1 Ke8 33. Rb1 Kd8 34. b4 Kc8 35. Kh2 Kb8 36. Kh1 Qa2 37. Rd1 Qxa4 38. Rxd7 Qxd7 39. Qc4 g5 40. Qe2 Qa4 41. Qd1 Qxb4 42. Nh2 Qd4 43. Qxd4 Bxd4 44. Nf3 Bc3 45. h4 g4 46. Nh2 h5 0-1

[Event "WSTCC-50 2024"]
[Site "Krakow"]
[Date "2024.07.09"]
[Round "7.3"]
[White "Arnason, Jon L"]
[Black "Khachiyan, Melikset"]
[Result "0-1"]
[ECO "B19"]
[WhiteElo "2421"]
[BlackElo "2435"]
[Annotator "TA"]
[PlyCount "66"]
[EventDate "2024.07.01"]
[EventType "team-tourn"]
[EventCountry "POL"]
[SourceTitle "playchess.com"]
[Source "ChessBase"]
[SourceQuality "1"]
[TimeControl "40/5400+30:1800+30"]

1. e4 c6 2. d4 d5 3. Nc3 dxe4 4. Nxe4 Bf5 5. Ng3 Bg6 6. h4 h6 7. Nf3 Nd7 8. h5 Bh7 9. Bd3 Bxd3 10. Qxd3 e6 11. Bd2 Ngf6 12. O-O-O Be7 13. Kb1 Qb6 14. c4 Rd8 15. Qe2 O-O {[%emt 0:00:26] The position is equal.} 16. Bc1 Rfe8 17. Ne5 c5 18. Be3 Nb8 19. dxc5 Bxc5 20. Bxc5 Qxc5 21. f4 Nc6 22. Ne4 Nxe4 23. Qxe4 f5 24. Qe2 Nxe5 25. fxe5 a5 26. a3 a4 {[%emt 0:04:39] Black is more active.} 27. Rhf1 Rxd1+ 28. Rxd1 $17 {[%emt 0:00:14][%mdl 4096] Endgame. KQR-KQR} Rc8 29. Rd6 {[%emt 0:06:21] [#]} ({White should play} 29. Rc1) 29... b5 $1 30. Rxe6 $2 {[%emt 0:02:55] White does not recover from this.} (30. cxb5 $2 {is the wrong capture.} Qc1+ 31. Ka2 Rc2 $19) (30. Qd3 $17 Qxc4 (30... Qxe5 31. cxb5 Qe1+ 32. Qd1 $11) 31. Qxc4 Rxc4 32. Rxe6) 30... bxc4 $19 {[%emt 0:00:06] aiming for ...c3.} 31. Ra6 $2 (31. Qf3) 31... c3 32. bxc3 Qxc3 {[%emt 0:01:29] ( -> ...Rb8+)} 33. Qa2+ Kh8 {[%emt 0:00:22] Weighted Error Value: White=0.79/Black=0.04 (flawless) .  Loses game:     	White=1     	---        Mistake:       	White=2     	---        Inaccurate:     	White=3     	---        OK:         	White=5     	Black=9      Best:        	---       	Black=3} 0-1

[Event "WSTCC-50 2024"]
[Site "Krakow"]
[Date "2024.07.09"]
[Round "7.3"]
[White "Fraser-Mitchell, Jeremy N"]
[Black "Csom, Etelka"]
[Result "1-0"]
[ECO "D14"]
[WhiteElo "2036"]
[BlackElo "1996"]
[Annotator "NA RC"]
[PlyCount "95"]
[EventDate "2024.07.01"]
[EventType "team-tourn"]
[EventCountry "POL"]
[SourceTitle "playchess.com"]
[Source "ChessBase"]
[SourceQuality "1"]
[TimeControl "40/5400+30:1800+30"]

1. d4 d5 2. c4 c6 3. cxd5 cxd5 4. Nc3 Nf6 5. Nf3 Nc6 6. Bf4 Bf5 7. e3 e6 8. Bb5 Nd7 9. Qa4 Qb6 10. Nh4 Bg6 11. Nxg6 {[%emt 0:01:36] D14: Slav Defence: Exchange variation with ...Bf5.} hxg6 12. e4 dxe4 13. d5 Nc5 14. dxc6 O-O-O 15. cxb7+ Kxb7 16. Qc2 Nd3+ 17. Bxd3 exd3 18. Qd2 Bb4 19. O-O Qd4 20. Qe3 $18 Qc4 21. Qe4+ Qxe4 22. Nxe4 Rd4 23. f3 f5 24. Be3 Rc4 25. Nd2 Rc2 26. Rfd1 Rhc8 27. f4 a5 28. Nf3 Rxb2 29. Rxd3 Rcc2 30. a3 Bc3 31. Rxc3 Rxc3 32. Bd4 Rcc2 33. Bxb2 Rxb2 34. Ne5 Ka6 35. Rd1 Kb5 36. Rd6 Ra2 37. Rxe6 Rxa3 38. Rxg6 Ra1+ 39. Kf2 a4 40. Rxg7 a3 41. Ra7 a2 42. Nd3 Rd1 43. Rxa2 Rxd3 44. Re2 Kc6 45. Re5 Kd6 46. Rxf5 Ke6 47. Re5+ Kf6 48. Re3 1-0

[Event "WSTCC-50 2024"]
[Site "Krakow"]
[Date "2024.07.09"]
[Round "7.3"]
[White "Regan, Natasha K"]
[Black "Clark, Gary M"]
[Result "1/2-1/2"]
[ECO "A05"]
[WhiteElo "2015"]
[BlackElo "2299"]
[Annotator "TA"]
[PlyCount "38"]
[EventDate "2024.07.01"]
[EventType "team-tourn"]
[EventCountry "POL"]
[SourceTitle "playchess.com"]
[Source "ChessBase"]
[SourceQuality "1"]
[TimeControl "40/5400+30:1800+30"]

1. Nf3 Nf6 2. c4 c5 3. g3 d5 4. cxd5 Nxd5 5. Nc3 Nc6 6. Bg2 g6 7. h4 h6 8. O-O Bg7 9. Qb3 Ndb4 10. d3 O-O 11. a3 Be6 12. Qa4 Nd5 13. Ne4 Qb6 14. Rb1 Rfd8 (14... f5 $15 15. Ned2 Qc7) 15. Bd2 $11 f5 (15... Nf4 $5 16. Bxf4 Bb3 $11 (16... Bxb2 $2 {geht unter.} 17. Qc2 $18)) 16. Nc3 Rac8 17. Nxd5 Bxd5 18. b4 cxb4 19. axb4 Bxf3 {[%emt 0:10:23] Gewichteter Fehlerwert: Weiß=0.12 (sehr präzise) /Schwarz=0.08 (makellos) .  Fehler:       	---       	Schwarz=1     Ungenau:       	Weiß=2     	---        OK:         	Weiß=5     	Schwarz=7     Bester:       	---       	Schwarz=1} 1/2-1/2

[Event "WSTCC-50 2024"]
[Site "Krakow"]
[Date "2024.07.09"]
[Round "7.4"]
[White "Novikov, Igor"]
[Black "Thorhallsson, Throstur"]
[Result "1/2-1/2"]
[ECO "D37"]
[WhiteElo "2509"]
[BlackElo "2385"]
[Annotator "TA"]
[PlyCount "45"]
[EventDate "2024.07.01"]
[EventType "team-tourn"]
[EventCountry "POL"]
[SourceTitle "playchess.com"]
[Source "ChessBase"]
[SourceQuality "1"]
[TimeControl "40/5400+30:1800+30"]

1. d4 Nf6 2. c4 e6 3. Nf3 d5 4. Nc3 a6 5. cxd5 exd5 6. Bg5 Be6 7. e3 Nbd7 8. Bd3 {[%emt 0:00:52] White has an edge.} Bd6 9. O-O O-O 10. h3 Re8 11. Qc2 {[%emt 0:26:58][%cal Od3h7] next Bxh7+! is good for White.} h6 12. Bf4 Qe7 13. Rac1 c6 14. Ne5 Nf8 15. Na4 N6d7 16. Nxd7 Nxd7 17. Bxd6 Qxd6 {[%emt 0:00:06] [#]} 18. b4 $1 Re7 ({Much weaker is} 18... Qxb4 $6 19. Rb1 Qd6 20. Rxb7 $16) (18... b5 19. Nc5) 19. Nc5 Nxc5 20. Qxc5 Qd8 21. a4 Rc8 22. Qc2 Rcc7 23. Bh7+ {[%emt 0:03:15] Weighted Error Value: White=0.07 (flawless) /Black=0.08 (flawless) .  Inaccurate:     	White=1     	---        OK:         	White=9     	Black=6} 1/2-1/2

[Event "WSTCC-50 2024"]
[Site "Krakow"]
[Date "2024.07.09"]
[Round "7.4"]
[White "Duncan, Chris R"]
[Black "Fink-Nunn, Petra"]
[Result "1/2-1/2"]
[ECO "D30"]
[WhiteElo "2156"]
[BlackElo "1947"]
[Annotator "RC"]
[PlyCount "38"]
[EventDate "2024.07.01"]
[EventType "team-tourn"]
[EventCountry "POL"]
[SourceTitle "playchess.com"]
[Source "ChessBase"]
[SourceQuality "1"]
[TimeControl "40/5400+30:1800+30"]

1. d4 d5 2. c4 e6 3. Nf3 Nf6 4. g3 Bb4+ 5. Bd2 Be7 6. Bg2 O-O 7. O-O c6 8. Nc3 dxc4 9. e4 b5 10. e5 Nd5 11. Ne4 Nd7 12. a4 Bb7 13. b3 cxb3 14. Qxb3 a6 15. h4 h6 16. Rfc1 Qb8 17. Ne1 Qa7 18. Be3 N7b6 19. axb5 cxb5 1/2-1/2

[Event "WSTCC-50 2024"]
[Site "Krakow"]
[Date "2024.07.09"]
[Round "7.4"]
[White "Kozma, Edit"]
[Black "Noyce, Robert C"]
[Result "1/2-1/2"]
[ECO "B01"]
[WhiteElo "1859"]
[BlackElo "2088"]
[Annotator "NA RC"]
[PlyCount "80"]
[EventDate "2024.07.01"]
[EventType "team-tourn"]
[EventCountry "POL"]
[SourceTitle "playchess.com"]
[Source "ChessBase"]
[SourceQuality "1"]
[TimeControl "40/5400+30:1800+30"]

1. e4 d5 2. exd5 Nf6 3. Nf3 Nxd5 4. d4 g6 5. c4 Nb6 6. Nc3 Bg7 7. h3 O-O 8. c5 Nd5 9. Bc4 c6 10. O-O Be6 11. Qb3 Nxc3 12. bxc3 Bxc4 13. Qxc4 $11 b5 14. cxb6 axb6 15. Bf4 Qd5 16. Qxd5 cxd5 17. Rfe1 e6 18. Be5 Nd7 19. Bxg7 Kxg7 20. Reb1 Ra3 21. Ne5 Nxe5 22. dxe5 Rc8 23. Rxb6 Rcxc3 24. Rb2 g5 25. Rf1 Rc4 26. Re2 Rca4 27. Ra1 Kg6 28. f3 h5 29. Kf2 h4 30. Ke1 Kf5 31. Kd1 d4 32. Rb1 Rxa2 33. Rb7 Ra1+ 34. Kc2 R4a2+ 35. Rb2 Rxb2+ 36. Kxb2 Ra5 37. Kb3 Rxe5 38. Rd2 Re3+ 39. Kc4 e5 40. Kd5 Kf4 1/2-1/2

[Event "WSTCC-50 2024"]
[Site "Krakow"]
[Date "2024.07.09"]
[Round "7.5"]
[White "Adams, Michael"]
[Black "David, Alberto"]
[Result "1/2-1/2"]
[ECO "B83"]
[WhiteElo "2670"]
[BlackElo "2502"]
[Annotator "TA"]
[PlyCount "130"]
[EventDate "2024.07.01"]
[EventType "team-tourn"]
[EventCountry "POL"]
[SourceTitle "playchess.com"]
[Source "ChessBase"]
[SourceQuality "1"]
[TimeControl "40/5400+30:1800+30"]

1. e4 c5 2. Nf3 e6 3. d4 cxd4 4. Nxd4 Nf6 5. Nc3 Nc6 6. Be2 d6 7. O-O Be7 8. Be3 O-O 9. a4 a6 10. f4 Qc7 11. Kh1 Re8 12. Bf3 Bd7 13. Nb3 b6 14. Qe2 {[%emt 0:01:46] B85: Sizilianisch (Scheveninger System).} Bc8 15. e5 Nd7 16. exd6 Bxd6 17. Rad1 Rb8 18. Nd4 $146 ({Predecessor:} 18. Ne4 Bf8 19. Qf2 Nb4 20. Nd4 Nd5 21. Bc1 Bb7 22. c3 Nc5 23. Nxc5 bxc5 24. Ne2 c4 25. Nd4 {½-½ Thipsay,P (2486)-Satyapragyan,S (2415) IND-ch 30th Calicut 2003 (4)}) 18... Nxd4 19. Bxd4 Bc5 20. f5 Bxd4 21. Rxd4 Nf6 22. Ne4 Nxe4 23. Rxe4 Bb7 24. Re5 Bxf3 25. Rxf3 Qc6 26. fxe6 Rxe6 27. Rxe6 Qxe6 28. Qxa6 (28. Qxe6 {vereinfacht} fxe6 29. Rc3 Kf7 30. Kg1) 28... Qe4 29. Qf1 Qxc2 30. Rxf7 Qxa4 31. h3 h6 32. Rf4 Qc2 33. Qc4+ Qxc4 34. Rxc4 Kf7 35. Rc6 b5 36. b4 Rd8 37. Rc5 Rd2 (37... Kf6 $11) 38. Rxb5 Rb2 39. h4 (39. Rb8 $16) 39... h5 40. Kh2 Rb3 41. Rb6 g6 42. b5 Kg7 43. Rb8 Kf6 44. b6 Kf5 $1 45. b7 Kg4 46. Rg8 Rxb7 47. Rxg6+ Kf4 $1 48. Rg5 Rh7 49. Kh3 Rh8 50. Ra5 Rh7 51. Kh2 Rh8 52. Rg5 Rh7 53. Kg1 Rh8 54. Kf2 Rh7 55. g3+ Ke4 56. Kg2 Rh8 57. Ra5 Rh7 58. g4 Rg7 59. Rg5 ({Doch nicht} 59. Rxh5 Rxg4+ 60. Kh3 Rg7 $11) (59. g5 $16) 59... Ra7 $11 ({Minderwertig wäre} 59... Rxg5 60. hxg5 Ke5 61. gxh5 Kf5 62. h6 (62. g6 Kf6 63. Kf2 Kg7 64. Kg3 Kh6 65. Kg4 Kg7 66. Kg5 Kf8) 62... Kg6 63. Kf2 Kh7 64. Kf3) 60. gxh5 (60. Rxh5 $5 Ra2+ $8 61. Kg3 Ra3+ 62. Kf2 Ra2+ 63. Ke1 $11) 60... Kf4 $1 61. h6 Ra2+ 62. Kf1 Ra7 63. Ke2 Re7+ 64. Kd3 Rh7 65. Rg6 Rd7+ ({Günstiger ist} 65... Ra7 $11) 1/2-1/2